Map: Acropolis LE

Players

Scarlett

  • Race: Zerg Zerg
  • Spawn Location: 5:00

Elazer - Winner!

  • Race: Zerg Zerg
  • Spawn Location: 11:00

VOD

Have the link to the VOD?

Description

Time

  • Played on: Sept. 6, 2019, 7:09 p.m.
  • Length: 18:39
Show
View Real Time Build Order
Export as new Build Order

Scarlett Zerg 

Build Orders: Hatch First 

Get SALT Encoding   

  12  0:00  Drone  
  13  0:13  Overlord  
  13  0:17  Drone  
  14  0:31  Drone x2  
  16  0:47  Hatchery  
  15  0:51  Drone  
  15  0:54  Drone  
  17  0:57  Drone  
  18  1:09  Extractor  
  17  1:12  Spawning Pool  
  17  1:15  Drone  
  17  1:19  Drone  
  18  1:28  Drone  
  19  1:39  Drone  
  20  1:50  Drone  
  21  1:59  Queen x2  
  21  2:00  Overlord  
  25  2:02  Drone  
  26  2:08  Metabolic Boost  
  26  2:11  Drone x2  
  28  2:21  Drone  
  30  2:22  Drone  
  30  2:32  Hatchery  
  30  2:35  Drone  
  30  2:37  Drone  
  30  2:43  Queen  
  33  2:48  Overlord  
  33  2:50  Zergling x2  
  34  2:59  Zergling x2, Drone  
  36  3:07  Drone x6  
  36  3:09  Drone  
  43  3:16  Roach Warren  
  43  3:19  Overlord  
  42  3:23  Drone  
  42  3:24  Drone  
  44  3:38  Zergling x10  
  44  3:39  Evolution Chamber  
  44  3:41  Zergling x4  
  50  3:45  Zergling x2  
  51  3:54  Zergling x10  
  56  4:05  Overlord, Drone x2  
  56  4:10  Overlord, Zerg Missile Weapons Level 1  
  56  4:11  Lair  
  56  4:16  Drone x2  
  58  4:22  Drone  
  58  4:27  Overlord, Drone  
  58  4:30  Extractor  
  58  4:31  Extractor  
  54  4:33  Drone x3  
  54  4:38  Extractor  
  55  4:39  Drone x2  
  57  4:48  Roach x2  
  59  4:55  Roach  
  59  4:56  Pneumatized Carapace, Roach  
  59  4:58  Drone  
  64  5:01  Drone x6  
  64  5:06  Drone x3  
  73  5:12  Glial Reconstitution, Drone x2  
  75  5:15  Overseer  
  75  5:20  Drone x2  
  77  5:24  Extractor  
  77  5:25  Drone, Extractor  
  76  5:31  Overseer  
  76  5:32  Drone  
  76  5:33  Drone x5  
  76  5:35  Overlord, Spire  
  81  5:36  Overlord, Drone  
  81  5:42  Overlord x2  
  82  5:54  Roach x4  
  89  5:57  Roach  
  89  5:58  Roach x3  
  97  6:04  Overlord  
  97  6:05  Zerg Missile Weapons Level 2  
  97  6:09  Drone x2  
  97  6:10  Drone x2  
  101  6:13  Overseer  
  101  6:14  Overlord x2  
  101  6:18  Overseer  
  101  6:23  Roach, Extractor  
  101  6:24  Roach x5  
  112  6:36  Hatchery  
  112  6:38  Zergling x6  
  115  6:46  Mutalisk  
  115  6:47  Mutalisk x3  
  114  6:49  Drone  
  114  6:50  Mutalisk  
  125  6:55  Mutalisk  
  125  6:59  Overlord x5  
  127  7:10  Nydus Network  
  125  7:24  Roach x6  
  125  7:26  Queen  
  137  7:31  Roach x6  
  137  7:32  Roach  
  151  7:38  Roach x2  
  155  7:47  Nydus Canal  
  155  7:50  Roach x8  
  169  8:01  Nydus Canal  
  169  8:03  Roach x7  
  177  8:15  Roach  
  177  8:16  Overlord, Roach x4  
  181  8:23  Nydus Canal  
  181  8:25  Overlord  
  181  8:26  Overlord  
  177  8:28  Queen  
  179  8:34  Nydus Canal  
  179  8:37  Roach x6  
  189  8:42  Roach  
  191  8:54  Zerg Flyer Weapons Level 1  
  191  9:03  Nydus Canal  
  191  9:06  Ravager x7  
  191  9:07  Drone x2  
  191  9:09  Extractor, Spine Crawler  
  198  9:11  Extractor  
  186  9:18  Drone x6  
  183  9:28  Hatchery  
  182  9:35  Mutalisk x5  
  191  9:52  Overlord  
  191  10:06  Extractor  
  190  10:08  Extractor  
  190  10:09  Overlord x2  
  185  10:14  Mutalisk, Baneling Nest  
  185  10:15  Mutalisk x5  
  163  10:24  Mutalisk x2  
  163  10:28  Zergling x32, Roach x4  
  135  10:33  Roach  
  124  10:38  Mutalisk x2  
  126  10:51  Roach x10  
  126  10:52  Roach x5  
  156  11:00  Queen  
  156  11:03  Centrifical Hooks  
  149  11:09  Mutalisk  
  149  11:10  Mutalisk x2  
  136  11:11  Drone x3  
  136  11:12  Drone  
  136  11:18  Drone x4  
  129  11:22  Zerg Melee Weapons Level 1  
  130  11:27  Drone x2  
  130  11:31  Drone x3  
  135  11:38  Mutalisk x2  
  139  11:43  Zergling x6  
  142  11:56  Drone  
  143  12:02  Mutalisk x5  
  143  12:06  Zergling x8  
  159  12:20  Mutalisk x6  
  171  12:25  Zerg Flyer Weapons Level 2  
  171  12:26  Zergling x4  
  171  12:32  Drone x3  
  171  12:33  Drone x3  
  177  12:46  Mutalisk x5  
  185  12:54  Spine Crawler  
  185  12:55  Overseer, Spine Crawler  
  161  13:02  Drone x4  
  161  13:04  Drone x3  
  161  13:05  Spine Crawler  
  163  13:07  Overseer  
  163  13:14  Drone, Mutalisk x3  
  168  13:29  Zerg Melee Weapons Level 2  
  168  13:33  Overseer  
  167  13:36  Zergling x10  
  167  13:37  Zergling x18  
  167  13:41  Mutalisk x2  
  185  13:53  Mutalisk x5  
  193  14:04  Baneling x21  
  193  14:08  Baneling x6  
  193  14:10  Baneling  
  193  14:11  Baneling x4  
  193  14:20  Zergling x8  
  193  14:22  Baneling x12  
  170  14:45  Mutalisk x8  
  142  14:49  Zergling x14  
  159  15:10  Mutalisk x6  
  166  15:15  Overseer  
  166  15:19  Baneling  
  166  15:20  Zergling x2, Baneling x6  
  166  15:21  Zergling x14  
  172  15:32  Mutalisk x4  
  172  15:34  Zergling x8  
  184  15:44  Baneling x9  
  174  15:59  Mutalisk x5  
  171  16:17  Mutalisk x4  
  163  16:18  Zergling x6  
  163  16:19  Zergling x24  
  163  16:25  Infestation Pit  
  177  16:37  Baneling x12  
  177  16:38  Baneling x2  
  174  16:41  Baneling x5  
  174  16:42  Baneling x2  
  172  16:48  Zergling x20  
  180  16:57  Overlord x3  
  180  16:58  Zergling x6  
  180  17:00  Baneling x11  
  181  17:05  Hydralisk Den  
  180  17:13  Overseer  
  180  17:14  Overseer x3  
  180  17:16  Nydus Canal  
  179  17:33  Zergling x20  
  179  17:35  Drone, Lurker Den  
  189  17:39  Baneling x3  
  189  17:41  Evolution Chamber  
  171  18:03  Hydralisk x9  
  180  18:15  Baneling x6  
  180  18:17  Nydus Canal  
Show
View Real Time Build Order
Export as new Build Order

Elazer Zerg - Winner!

Build Orders: Hatch First, Roach Hydra 

Get SALT Encoding   

  12  0:00  Drone  
  13  0:12  Overlord  
  13  0:16  Drone  
  14  0:30  Drone x2  
  16  0:48  Hatchery  
  15  0:50  Drone  
  15  0:54  Drone  
  17  0:57  Drone  
  18  1:08  Extractor  
  17  1:12  Spawning Pool  
  17  1:15  Drone  
  17  1:18  Drone  
  18  1:27  Drone  
  19  1:38  Drone  
  20  1:49  Drone  
  21  1:59  Queen x2  
  21  2:00  Overlord, Drone  
  26  2:09  Metabolic Boost  
  26  2:11  Drone  
  26  2:13  Zergling x2  
  28  2:21  Drone x2  
  30  2:30  Hatchery  
  30  2:33  Drone  
  30  2:35  Drone  
  31  2:43  Drone x2  
  33  2:49  Baneling Nest  
  32  2:53  Overlord  
  32  2:55  Drone  
  33  3:03  Drone  
  33  3:05  Drone  
  35  3:07  Zergling x2  
  35  3:08  Overlord  
  35  3:11  Zergling x6  
  35  3:12  Zergling x2  
  40  3:17  Queen  
  40  3:19  Zergling x2  
  43  3:23  Drone  
  44  3:31  Drone x2  
  46  3:38  Baneling x2  
  46  3:42  Drone x7  
  53  3:48  Overlord  
  50  3:56  Drone x2  
  50  3:57  Drone  
  50  4:01  Extractor  
  52  4:03  Evolution Chamber, Drone  
  52  4:06  Overlord  
  52  4:07  Lair  
  53  4:10  Zergling x8  
  53  4:17  Zergling x4, Roach Warren  
  54  4:21  Zergling x2  
  57  4:26  Baneling x3  
  57  4:27  Zergling x4  
  55  4:35  Queen  
  55  4:37  Zergling x6  
  53  4:46  Drone x6  
  53  4:48  Drone x4  
  61  4:53  Drone  
  61  4:54  Extractor  
  61  4:57  Drone  
  61  4:59  Drone  
  63  5:04  Drone  
  63  5:06  Zerg Missile Weapons Level 1  
  64  5:07  Drone  
  64  5:09  Drone  
  64  5:12  Glial Reconstitution  
  66  5:14  Drone  
  66  5:15  Extractor  
  66  5:18  Drone  
  66  5:21  Drone  
  67  5:22  Overlord x2  
  67  5:23  Roach x3  
  67  5:27  Overlord  
  73  5:32  Overlord  
  73  5:34  Overseer  
  73  5:36  Overlord  
  73  5:40  Extractor  
  78  5:42  Roach  
  78  5:43  Roach x2  
  78  5:46  Drone x4  
  82  5:50  Drone, Extractor  
  82  5:52  Pneumatized Carapace  
  82  5:53  Drone x6  
  82  5:54  Drone  
  89  5:58  Drone x2  
  91  6:05  Drone  
  91  6:10  Roach  
  91  6:11  Roach  
  96  6:17  Hatchery  
  95  6:19  Roach x4  
  95  6:21  Roach x2  
  111  6:25  Roach x2  
  111  6:27  Roach  
  111  6:29  Overlord  
  113  6:35  Evolution Chamber  
  113  6:37  Drone  
  113  6:41  Overlord  
  113  6:42  Overlord  
  113  6:50  Drone  
  113  6:53  Roach x3  
  120  6:55  Hatchery  
  119  7:02  Roach x8  
  119  7:06  Drone  
  119  7:07  Hydralisk Den  
  135  7:13  Roach  
  135  7:14  Overlord  
  136  7:25  Overlord  
  130  7:30  Overlord x4  
  130  7:32  Zerg Missile Weapons Level 2, Zerg Ground Armor Level 1  
  130  7:36  Hydralisk  
  130  7:37  Hydralisk x2  
  130  7:41  Spore Crawler  
  130  7:42  Spore Crawler  
  130  7:43  Spore Crawler  
  133  7:49  Roach  
  133  7:50  Roach x5  
  146  7:58  Roach x5  
  146  8:04  Roach x2  
  146  8:18  Drone x5  
  146  8:19  Muscular Augments  
  151  8:27  Hydralisk x2  
  151  8:32  Hydralisk  
  151  8:33  Hydralisk  
  159  8:40  Roach x2  
  163  8:47  Overlord  
  163  8:51  Hydralisk x3  
  163  8:54  Overlord  
  169  8:57  Overlord  
  169  9:00  Drone x2  
  169  9:01  Overlord x3  
  167  9:16  Drone x2  
  163  9:23  Roach x13  
  177  9:30  Hydralisk x3  
  175  9:36  Roach x3  
  181  9:40  Roach x2  
  185  9:46  Roach x3  
  185  9:51  Roach x3  
  197  9:55  Grooved Spines  
  197  9:57  Infestation Pit  
  196  10:02  Drone x3, Extractor x2  
  196  10:03  Drone x3  
  176  10:23  Roach  
  176  10:24  Roach x10  
  170  10:30  Hydralisk x3  
  172  10:36  Roach x3  
  172  10:40  Hive  
  176  10:47  Hydralisk x3  
  178  10:51  Hydralisk  
  178  10:54  Hydralisk x2  
  178  10:58  Hydralisk  
  178  11:07  Hydralisk x4  
  168  11:12  Hydralisk x2  
  152  11:23  Tunneling Claws  
  152  11:24  Burrow  
  138  11:27  Zerg Ground Armor Level 2  
  138  11:29  Hydralisk x2  
  142  11:35  Hydralisk x2  
  142  11:39  Roach x2  
  150  11:50  Drone x9  
  157  11:56  Spore Crawler  
  157  12:01  Roach x4  
  164  12:09  Roach x4  
  172  12:20  Drone x3  
  172  12:21  Drone x3, Roach x8  
  174  12:23  Roach  
  174  12:24  Roach x2  
  174  12:28  Overseer  
  180  12:32  Roach x2  
  180  12:36  Overlord x3  
  180  12:51  Overlord x4, Zerg Missile Weapons Level 3  
  180  12:52  Overlord  
  168  12:59  Overlord x2  
  168  13:02  Roach  
  166  13:07  Overlord x2  
  161  13:22  Hydralisk x12  
  184  13:28  Roach  
  184  13:29  Hydralisk  
  184  13:30  Hydralisk x2  
  188  13:35  Roach x13  
  188  13:36  Spore Crawler  
  187  13:42  Roach x4  
  187  13:43  Lurker Den  
  190  13:53  Roach x6  
  192  14:18  Roach x4  
  192  14:21  Overseer x3  
  200  14:26  Zerg Ground Armor Level 3  
  198  14:37  Hydralisk x8  
  178  14:43  Roach x7  
  168  14:46  Roach x12  
  168  14:51  Roach x4  
  166  14:55  Roach x2  
  166  14:58  Hydralisk  
  162  15:03  Hydralisk  
  162  15:04  Hydralisk x2  
  168  15:10  Roach x4  
  168  15:12  Hydralisk x3  
  164  15:16  Hydralisk x2  
  164  15:20  Hydralisk  
  156  15:23  Lurker x2  
  156  15:32  Hydralisk x3  
  154  15:36  Adaptive Talons  
  154  15:40  Spore Crawler, Viper  
  151  15:53  Viper x2  
  157  15:58  Overlord x5  
  155  16:06  Overlord x2  
  146  16:18  Hydralisk x5  
  140  16:25  Hydralisk x3  
  140  16:30  Hydralisk x2  
  130  16:54  Lurker x3  
  130  16:59  Lurker x2  
  130  17:00  Lurker  
  130  17:01  Hydralisk x4  
  135  17:04  Hydralisk  
  145  17:08  Hydralisk  
  145  17:12  Hydralisk  
  149  17:19  Hydralisk x2  
  153  17:29  Hydralisk  
  144  17:30  Hydralisk x2  
  144  17:35  Lurker  
  146  17:54  Hydralisk x5  
  146  17:55  Hydralisk  
  145  18:07  Lurker x3  
  147  18:14  Lurker  
  147  18:15  Overseer  
Tags
 
Add a new tag
Caveats
  • Supply blocks, unpowered buildings, or Contaminate may cause inaccurate times.
  • Supply counts are checked every 10 seconds.